 Dungeon Crawl Stone Soup version 0.30.0-15-g856e2d3f33 (webtiles) character file.

Game seed: 16715584711789346798

3493 qw the Cleaver (level 10, -3/63 HPs)
             Began as a Gargoyle Cinder Acolyte on May 18, 2023.
             Was an Initiate of Ignis.
             Slain by Harold
             ... wielding a +0 hand axe
              (5 damage)
             ... on level 9 of the Dungeon.
             The game lasted 00:03:39 (7326 turns).

qw the Cleaver (Gargoyle Cinder Acolyte)            Turns: 7326, Time: 00:03:39

Health: -3/63      AC: 23    Str: 20 (21) XL:     10   Next: 7%
Magic:  0/11       EV:  6    Int: 15 (16) God:    Ignis [......]
Gold:   374        SH:  0    Dex: 10 (11) Spells: 11/11 levels left

rFire   + . .        Y - +1 war axe
rCold   . . .        (no shield)
rNeg    + . .        c - +0 plate armour
rPois   inf          f - +2 helmet {SInv}
rElec   +            (no cloak)
rCorr   .            (no gloves)
SInv    +            (no boots)
Will    .....        n - amulet of guardian spirit Stlth
                     i - +6 ring of dexterity
HPRegen 0.30/turn    (no ring)
MPRegen 0.12/turn

%: guardian spirit
@: no status effects
A: sickness immunity, AC +7, negative energy resistance 1, electricity
resistance, torment resistance 1, petrification resistance, see invisible
a: Renounce Religion, Rising Flame


You were on level 9 of the Dungeon.
You worshipped Ignis.
Ignis was noncommittal.
You visited 1 branch of the dungeon, and saw 8 of its levels.
You also visited: Ossuary.

You collected 374 gold pieces.


Innate Abilities, Weirdness & Mutations

You are immune to sickness and miasma.
Your stone body is resilient. (AC +7)
You are immune to poison.
You resist negative energy. (rN+)
You are resistant to electric shocks. (rElec)
You are resistant to unholy torment.
You are immune to petrification.
You have supernaturally acute eyesight. (SInv)


   Skills:
 + Level 7.4 Fighting
 - Level 10.0 Axes
 - Level 2.3 Throwing
 - Level 6.6 Armour
 - Level 1.5 Dodging
 - Level 1.0 Spellcasting
 - Level 3.0 Fire Magic


You had 11 spell levels left.
You didn't know any spells.
Your spell library contained the following spells:

 Spells                   Type           Power      Damage    Failure   Level
 Scorch                   Fire           18%        2d6       94%         2

Inventory:

Hand Weapons
 d - a +1 hand axe of flaming
 Y - a +1 war axe (weapon)
Armour
 c - a +0 plate armour (worn)
 f - a +2 helmet of see invisible (worn)
Jewellery
 i - a +6 ring of dexterity (left hand)
 n - an amulet of guardian spirit (around neck)
Scrolls
 m - 2 scrolls of identify
Potions
 a - 3 potions of curing
 b - a potion of might
 e - a potion of haste
 g - a potion of resistance {unknown}
 h - 2 potions of mutation
 l - a potion of brilliance {unknown}
 q - a potion of berserk rage {unknown}
 r - a potion of cancellation {unknown}
 s - a potion of ambrosia {unknown}

Dungeon Overview and Level Annotations

Branches:
Dungeon (7/15)             Temple (0/1) D:6         Ossuary (visited)

Altars:
Ru
Trog

Annotations:
D:3 2 transporters, qw's ghost, amateur GrCA
D:9 Harold


Message History

You barely miss the killer bee.
The killer bee is severely wounded.
You hit the hornet but do no damage. You slash the wyvern!
The killer bee barely misses you.
The killer bee stings you but does no damage.
The wyvern bites you but does no damage.
The hornet stings you but does no damage.
You hit the killer bee.
The killer bee is almost dead.
You barely miss the wyvern. You closely miss the hornet.
The killer bee stings you but does no damage.
The wyvern bites you but does no damage.
The hornet stings you but does no damage.
The killer bee stings you. The wyvern bites you! The hornet stings you!
You miss the killer bee.
The killer bee is almost dead.
You closely miss the wyvern. You miss the hornet.
You hit Harold but do no damage.
The killer bee stings you but does no damage.
The killer bee barely misses you.
The wyvern bites you but does no damage.
The hornet stings you but does no damage.
Harold hits you with a +0 hand axe.
You miss the killer bee.
The killer bee is almost dead.
You closely miss the hornet. You hit Harold. You closely miss the wyvern.
The killer bee stings you but does no damage.
The wyvern bites you.
The hornet stings you but does no damage.
The killer bee stings you but does no damage.
Harold hits you with a +0 hand axe! The hornet barely misses you.
The wyvern barely misses you.
You barely miss the killer bee.
The killer bee is severely wounded.
You barely miss the hornet. You hit Harold. You slash the wyvern!
The killer bee completely misses you. x2
The wyvern bites you but does no damage.
The hornet stings you but does no damage.
Harold hits you with a +0 hand axe.
You die...

....)..)).........#
##############'#### ..#
...........#
..#...............#
..#...............#
..#...............#
..##....###.......#
..##....###.......# #####
..##............@l#......
..##...........@yy'......
..#...............#......
..##.%..#####....## .....
..##....##.##....# ?...
...'........#..... ...
...#........#...~~. ..
...#........#.....~. .
..##.......##.....~.


You could see Harold, a hornet, a wyvern and a killer bee.

Vanquished Creatures
  A troll (D:9)
  Grinder (D:3)
  Sigmund (D:5)
  A wraith (D:5)
  An acid dragon (D:7)
  An orc warrior (D:6)
  An ice beast (D:5)
  A sky beast (D:5)
  A black bear (D:5)
  5 ogres
  An elf zombie (Ossuary)
  Blork the orc (D:6)
  6 scorpions
  4 wights (D:7)
  4 killer bees (D:9)
  A howler monkey (D:4)
  2 centaur zombies (Ossuary)
  A human zombie (Ossuary)
  An orc priest (D:5)
  3 hounds
  A jelly (D:5)
  2 gnoll boudas
  A sleepcap (D:7)
  4 iguanas (D:5)
  5 orc wizards
  2 mummies (Ossuary)
  15 gnolls
  8 adders
  A shadow imp (D:6)
  4 white imps
  An ufetubus (D:5)
  An adder zombie (Ossuary)
  A worm (D:2)
  A dart slug (D:3)
  20 orcs
  7 endoplasms
  8 giant cockroaches
  7 hobgoblins
  3 quokkas (D:2)
  7 ball pythons
  2 bats
  A frilled lizard (D:2)
  7 goblins
  10 hobgoblin zombies (Ossuary)
  3 jackal zombies (Ossuary)
  7 kobolds
  13 kobold zombies (Ossuary)
  5 orc zombies (Ossuary)
  8 rats
  A rat zombie (Ossuary)
194 creatures vanquished.

Notes
Turn   | Place    | Note
-------+----------+-------------------------------------------
     0 | D:1      | qw the Gargoyle Cinder Acolyte began the quest for the Orb.
     0 | D:1      | Reached XP level 1. HP: 14/14 MP: 2/2
     0 | D:1      | 0 ||| qw: Version: 0.2-a-95-gc95f03d
     0 | D:1      | 0 ||| qw: Game counter: 9
     0 | D:1      | 0 ||| qw: Always use a shield: true
     0 | D:1      | 0 ||| qw: God list: Okawaru
     0 | D:1      | 0 ||| qw: Allow faded altars: false
     0 | D:1      | 0 ||| qw: Do Orc after D:15 true
     0 | D:1      | 0 ||| qw: Do second Lair branch before Depths: true
     0 | D:1      | 0 ||| qw: Lair rune preference: random
     0 | D:1      | 0 ||| qw: Plans: Normal
     0 | D:1      | 0 ||| PLANNING D:1-11
   289 | D:1      | Reached skill level 3 in Axes
   313 | D:1      | Found a faded altar of an unknown god.
   314 | D:1      | 314 ||| Stepping ~*~*~tactically~*~*~ (stealth).
   322 | D:1      | 322 ||| INVOKING Fiery Armour.
   324 | D:1      | Reached XP level 2. HP: 11/19 MP: 3/3
   650 | D:1      | 650 ||| UPGRADING to +2 helmet of see invisible.
   655 | D:1      | 655 ||| READING scroll labelled EMECUSS GIQATA.
   656 | D:1      | 656 ||| READING scroll labelled YTUH LAEJE.
   814 | D:2      | 814 ||| Stepping ~*~*~tactically~*~*~ (stealth).
   890 | D:2      | 890 ||| INVOKING Fiery Armour.
   953 | D:2      | Found a bloodstained altar of Trog.
   962 | D:2      | Reached XP level 3. HP: 23/23 MP: 4/4
  1004 | D:2      | Reached skill level 4 in Axes
  1491 | D:2      | 1491 ||| READING 2 scrolls labelled ENUROSKYAW.
  1494 | D:2      | 1494 ||| READING scroll labelled WYMETT KAQE.
  1495 | D:2      | 1495 ||| READING 3 scrolls labelled ORAITEKK JOSUE.
  1496 | D:2      | 1496 ||| READING scroll labelled QUV ADWATIKHLUCA.
  1497 | D:2      | 1497 ||| DRINKING 2 viscous grey potions.
  1498 | D:2      | 1498 ||| DROPPING 2 scrolls of magic mapping.
  1550 | D:3      | Found a transporter.
  1554 | D:3      | Noticed qw's ghost (amateur GrCA)
  1567 | D:3      | 1567 ||| Stepping ~*~*~tactically~*~*~ (stealth).
  1571 | D:3      | Reached XP level 4. HP: 28/28 MP: 5/5
  1577 | D:3      | Found a transporter.
  1649 | D:3      | 1649 ||| INVOKING Fiery Armour.
  2186 | D:3      | 2186 ||| Stepping ~*~*~tactically~*~*~ (stealth).
  2189 | D:3      | Reached skill level 1 in Throwing
  2241 | D:3      | Noticed Grinder
  2250 | D:3      | 2250 ||| INVOKING Fiery Armour.
  2251 | D:3      | HP: 7/28 [Grinder/nerve-wracking pain (1)]
  2252 | D:3      | 2252 ||| READING scroll of teleportation.
  2254 | D:3      | 2254 ||| DRINKING potion of heal wounds.
  2311 | D:3      | 2311 ||| Stepping ~*~*~tactically~*~*~ (stealth).
  2314 | D:3      | Paralysed by Grinder for 3 turns
  2319 | D:3      | Killed Grinder
  2320 | D:3      | Reached skill level 6 in Axes
  2320 | D:3      | Reached XP level 5. HP: 31/32 MP: 6/6
  2320 | D:3      | Reached XP level 6. HP: 36/37 MP: 7/7
  2405 | D:3      | 2405 ||| UPGRADING to +0 leather armour.
  2415 | D:3      | 2415 ||| DROPPING +0 robe.
  2416 | D:3      | 2416 ||| UPGRADING to +0 chain mail.
  2426 | D:3      | 2426 ||| DROPPING +0 leather armour.
  2427 | D:3      | 2427 ||| UPGRADING to amulet of guardian spirit.
  2432 | D:3      | 2432 ||| READING scroll labelled ARCHEG SOXO.
  2433 | D:3      | 2433 ||| READING 2 scrolls labelled INOUNO NEQUW.
  2434 | D:3      | 2434 ||| DRINKING 2 smoky coppery potions.
  2435 | D:3      | 2435 ||| DRINKING 3 amethyst potions.
  2436 | D:3      | 2436 ||| DROPPING 2 potions of flight.
  2481 | D:4      | Reached skill level 1 in Armour
  2537 | D:4      | 2537 ||| INVOKING Fiery Armour.
  2738 | D:4      | 2738 ||| Stepping ~*~*~tactically~*~*~ (stealth).
  2739 | D:4      | 2739 ||| Stepping ~*~*~tactically~*~*~ (stealth).
  2740 | D:4      | 2740 ||| Stepping ~*~*~tactically~*~*~ (stealth).
  2746 | D:4      | 2746 ||| Stepping ~*~*~tactically~*~*~ (stealth).
  2760 | D:4      | 2760 ||| Stepping ~*~*~tactically~*~*~ (hiding).
  2761 | D:4      | 2761 ||| Stepping ~*~*~tactically~*~*~ (hiding).
  2762 | D:4      | 2762 ||| Stepping ~*~*~tactically~*~*~ (hiding).
  2763 | D:4      | 2763 ||| Stepping ~*~*~tactically~*~*~ (stealth).
  2775 | D:4      | 2775 ||| Stepping ~*~*~tactically~*~*~ (stealth).
  2776 | D:4      | 2776 ||| Stepping ~*~*~tactically~*~*~ (stealth).
  2778 | D:4      | 2778 ||| Stepping ~*~*~tactically~*~*~ (stealth).
  2874 | D:4      | 2874 ||| Stepping ~*~*~tactically~*~*~ (stealth).
  2876 | D:4      | 2876 ||| Stepping ~*~*~tactically~*~*~ (hiding).
  2885 | D:4      | 2885 ||| INVOKING Fiery Armour.
  2889 | D:4      | Reached XP level 7. HP: 40/43 MP: 5/8
  2895 | D:4      | Reached skill level 3 in Armour
  2933 | D:4      | 2933 ||| Stepping ~*~*~tactically~*~*~ (stealth).
  2934 | D:4      | 2934 ||| Stepping ~*~*~tactically~*~*~ (stealth).
  2980 | D:4      | Found a sacrificial altar of Ru.
  2981 | D:4      | 2981 ||| Stepping ~*~*~tactically~*~*~ (stealth).
  3197 | D:4      | 3197 ||| UPGRADING to +6 ring of dexterity.
  3198 | D:4      | 3198 ||| READING 2 scrolls labelled HIFOGHAENAE.
  3199 | D:4      | 3199 ||| READING scroll of enchant weapon.
  3199 | D:4      | 3199 ||| ENCHANTING +0 hand axe of flaming.
  3200 | D:4      | 3200 ||| DRINKING 2 black potions.
  3201 | D:4      | 3201 ||| READING 2 scrolls of identify.
  3201 | D:4      | 3201 ||| IDENTIFYING green potion
  3227 | D:5      | Entered Level 5 of the Dungeon
  3236 | D:5      | 3236 ||| INVOKING Fiery Armour.
  3239 | D:5      | Reached skill level 1 in Dodging
  3452 | D:5      | 3452 ||| Stepping ~*~*~tactically~*~*~ (stealth).
  3503 | D:5      | 3503 ||| SWAPPING to +0 war axe.
  3541 | D:5      | 3541 ||| Stepping ~*~*~tactically~*~*~ (stealth).
  3544 | D:5      | 3544 ||| Stepping ~*~*~tactically~*~*~ (hiding).
  3559 | D:5      | 3559 ||| INVOKING Fiery Armour.
  3560 | D:5      | Reached skill level 7 in Axes
  3731 | D:5      | Reached XP level 8. HP: 48/48 MP: 9/9
  3773 | D:5      | 3773 ||| INVOKING Fiery Armour.
  4038 | D:5      | Noticed a wraith
  4051 | D:5      | Killed a wraith
  4052 | D:5      | Reached skill level 8 in Axes
  4053 | D:5      | 4053 ||| INVOKING Fiery Armour.
  4053 | D:5      | HP: 7/49 [ogre/+0 giant club (12)]
  4054 | D:5      | 4054 ||| READING scroll of teleportation.
  4055 | D:5      | 4055 ||| DRINKING potion of heal wounds.
  4467 | D:5      | Reached skill level 6 in Fighting
  4606 | D:5      | Noticed Sigmund
  4611 | D:5      | 4611 ||| INVOKING Fiery Armour.
  4613 | D:5      | Killed Sigmund
  4614 | D:5      | Reached XP level 9. HP: 18/55 MP: 3/10
  4892 | D:6      | 4892 ||| PLANNING OSSUARY
  4937 | D:6      | Reached skill level 9 in Axes
  5166 | D:6      | Found a sand-covered staircase.
  5175 | Ossuary  | Entered an ossuary
  5182 | Ossuary  | 5182 ||| Stepping ~*~*~tactically~*~*~ (stealth).
  5245 | Ossuary  | 5245 ||| Stepping ~*~*~tactically~*~*~ (stealth).
  5249 | Ossuary  | 5249 ||| Stepping ~*~*~tactically~*~*~ (stealth).
  5316 | Ossuary  | 5316 ||| INVOKING Fiery Armour.
  5516 | Ossuary  | 5516 ||| DRINKING 2 pink potions.
  5517 | Ossuary  | 5517 ||| DRINKING 3 viscous ruby potions.
  5517 | Ossuary  | Gained mutation: You have supernaturally acute eyesight.
                  | (SInv) [potion of mutation]
  5518 | Ossuary  | 5518 ||| DRINKING 3 inky potions.
  5519 | Ossuary  | 5519 ||| DROPPING potion of degeneration.
  5520 | Ossuary  | 5520 ||| DROPPING 2 potions of magic.
  5533 | D:6      | 5533 ||| PLANNING D:1-11
  5581 | D:6      | Noticed Blork the orc
  5596 | D:6      | HP: 13/57 [Blork the orc/puff of flame (5)]
  5597 | D:6      | 5597 ||| READING scroll of teleportation.
  5890 | D:6      | 5890 ||| Stepping ~*~*~tactically~*~*~ (hiding).
  5892 | D:6      | 5892 ||| Stepping ~*~*~tactically~*~*~ (hiding).
  6141 | D:6      | Killed Blork the orc
  6419 | D:6      | Found a staircase to the Ecumenical Temple.
  6580 | D:6      | 6580 ||| READING scroll labelled TACHIM YSCHYRIS.
  6581 | D:6      | 6581 ||| READING scroll labelled VIF FIWKUEF.
  6582 | D:6      | 6582 ||| READING scroll labelled CIYRRAVAUN.
  6583 | D:6      | 6583 ||| DRINKING 2 sedimented red potions.
  6584 | D:6      | 6584 ||| READING 3 scrolls of identify.
  6584 | D:6      | 6584 ||| IDENTIFYING fuming amethyst potion
  6585 | D:6      | 6585 ||| READING 2 scrolls of identify.
  6585 | D:6      | 6585 ||| IDENTIFYING blue potion
  6586 | D:6      | 6586 ||| DROPPING potion of lignification.
  6587 | D:6      | 6587 ||| DROPPING potion of invisibility.
  6588 | D:6      | 6588 ||| DROPPING potion of attraction.
  6631 | D:7      | 6631 ||| Stepping ~*~*~tactically~*~*~ (stealth).
  6634 | D:7      | 6634 ||| Stepping ~*~*~tactically~*~*~ (hiding).
  6640 | D:7      | 6640 ||| STAIRDANCE
  6761 | D:6      | 6761 ||| UPGRADING to +0 plate armour.
  6771 | D:6      | 6771 ||| DROPPING +0 chain mail.
  6776 | D:7      | 6776 ||| STAIRDANCE
  6778 | D:6      | 6778 ||| DRINKING 6 potions of curing.
  6778 | D:6      | 6778 ||| (to cure confusion)
  6782 | D:7      | 6782 ||| DRINKING 5 potions of curing.
  6782 | D:7      | 6782 ||| (to cure confusion)
  6785 | D:7      | 6785 ||| DRINKING 4 potions of curing.
  6785 | D:7      | 6785 ||| (to cure confusion)
  6797 | D:7      | 6797 ||| READING scroll of enchant weapon.
  6797 | D:7      | 6797 ||| ENCHANTING +0 war axe.
  6912 | D:7      | 6912 ||| Stepping ~*~*~tactically~*~*~ (stealth).
  6923 | D:7      | 6923 ||| Stepping ~*~*~tactically~*~*~ (stealth).
  6924 | D:7      | 6924 ||| Stepping ~*~*~tactically~*~*~ (stealth).
  6925 | D:7      | 6925 ||| Stepping ~*~*~tactically~*~*~ (stealth).
  6955 | D:7      | 6955 ||| Stepping ~*~*~tactically~*~*~ (stealth).
  7140 | D:7      | You fall into a shaft and drop 2 floors!
  7145 | D:9      | Noticed a troll
  7157 | D:9      | Killed a troll
  7158 | D:9      | Reached skill level 6 in Armour
  7233 | D:9      | Reached XP level 10. HP: 60/63 MP: 11/11
  7308 | D:9      | 7308 ||| Stepping ~*~*~tactically~*~*~ (stealth).
  7313 | D:9      | Noticed Harold
  7314 | D:9      | Reached skill level 10 in Axes
  7323 | D:9      | HP: 15/63 [hornet (11)]
  7325 | D:9      | HP: 1/63 [Harold/+0 hand axe (8)]
  7326 | D:9      | Slain by Harold

Levels and vault maps discovered:
D:1:      nicolae_arrival_somewhat_less_tricky_arrival, layout_rooms,
          ebering_ecumenical_altar_sacrificial
D:2:      layout_loops_cross, basic_altar, kennysheep_generic_room_2
D:3:      layout_basic, gammafunk_ghost_stat_death, uniq_grinder
D:4:      layout_loops_ring, nicolae_ru_great_annihilating_truth,
          minmay_ruptured
D:5:      cheibrodos_barr_body, layout_basic, serial_glass, glass_columns_a,
          glass_columns_a, chequers_serial_rivers_small_b,
          dreamdust_princess_corridor, sigmund_army
D:6:      layout_loops_corners, temple_statues, nicolae_ossuary_entry_ruins,
          serial_rivers, chequers_serial_rivers_small_b,
          chequers_serial_rivers_room_b, chequers_serial_rivers_small_b,
          chequers_serial_rivers_micro_b, chequers_serial_rivers_room_b,
          uniq_blork_the_orc
D:7:      layout_rooms, uniq_crazy_yiuf_cottage, uniq_pikel, uniq_menkaure
D:9:      gammafunk_boulding_lane, layout_gridville, trog_ov_bears_minmay,
          gammafunk_temple_overflow_elements, serial_shops, shop,
          chequers_serial_rivers_micro_c, grunt_ogre_cave, uniq_prince_ribbit1,
          uniq_harold

Skill      XL: |  1  2  3  4  5  6  7  8  9 10 |
---------------+-------------------------------+-----
Axes           | 3 4 6 7 8 9 10 | 10.0
Throwing       | 1 2 |  2.3
Armour         | 2 3 4 6 |  6.6
Fighting       | 4 6 7 |  7.4
Dodging        | 1 |  1.5
Spellcasting   | |  1.0
Fire Magic     | |  3.0

Action                     |  1- 3 |  4- 6 |  7- 9 | 10-12 || total
---------------------------+-------+-------+-------+-------++-------
  Melee: Hand axe          |    95 |   114 |    42 |       ||   251
         Punch             |       |     1 |     6 |       ||     7
         War axe           |       |       |   350 |    33 ||   383
         Unarmed           |       |       |    10 |       ||    10
  Throw: Javelin           |       |    12 |    11 |       ||    23
         Boomerang         |       |       |    27 |       ||    27
 Invoke: Fiery Armour      |     2 |     4 |     6 |       ||    12
    Use: Scroll            |     6 |     3 |    11 |       ||    20
         Potion            |     1 |     3 |     9 |       ||    13
 Armour: Robe              |    34 |    24 |       |       ||    58
         Chain mail        |       |    43 |   184 |       ||   227
         Plate armour      |       |       |    65 |    62 ||   127
  Dodge: Dodged            |    52 |    35 |   159 |    21 ||   267

Table legend:
 A = Non-vault XP
 B = Vault XP
 C = Vault XP percentage of total XP
 D = Non-vault monster count
 E = Vault monster count
 F = Vault count percentage of total count
                 A         B        C        D         E       F
            +---------+---------+-------+---------+---------+-------
      Total |    3164 |    1826 |  36.6 |     130 |      64 |  33.0
            +---------+---------+-------+---------+---------+-------
        D:1 |      16 |       0 |   0.0 |      12 |       0 |   0.0
        D:2 |      59 |       4 |   6.3 |      19 |       2 |   9.5
        D:3 |      82 |     249 |  75.2 |      18 |       1 |   5.3
        D:4 |     287 |      43 |  13.0 |      24 |       5 |  17.2
        D:5 |     828 |    1120 |  57.5 |      16 |      16 |  50.0
        D:6 |     693 |      99 |  12.5 |      22 |       1 |   4.3
        D:7 |     521 |       0 |   0.0 |       8 |       0 |   0.0
        D:9 |     678 |       0 |   0.0 |      11 |       0 |   0.0
    Ossuary |       0 |     311 | 100.0 |       0 |      39 | 100.0
            +---------+---------+-------+---------+---------+-------
